Map: Jagannatha LE

Players

Goomba

  • Race: Protoss Protoss
  • League: Grandmaster

Meridian - Winner!

  • Race: Zerg Zerg
  • League: Master

VOD

Have the link to the VOD?

Description

Time

  • Played on: July 12, 2021, 9:52 p.m.
  • Length: 13:29
Show
View Real Time Build Order
Export as new Build Order

Goomba Protoss 

Build Orders:  

Get SALT Encoding   

  12  0:01  Probe  
  13  0:13  Probe  
  14  0:25  Pylon, Probe  
  15  0:43  Probe (Chrono Boost)  
  16  0:51  Probe (Chrono Boost)  
  17  0:57  Probe  
  18  1:07  Nexus  
  18  1:17  Forge  
  18  1:27  Pylon  
  19  1:42  Gateway  
  18  1:50  Photon Cannon  
  18  1:56  Photon Cannon  
  18  2:02  Probe  
  19  2:09  Photon Cannon  
  19  2:14  Probe (Chrono Boost)  
  19  2:17  Assimilator  
  19  2:20  Assimilator  
  19  2:21  Probe (Chrono Boost)  
  21  2:24  Probe (Chrono Boost)  
  21  2:29  Cybernetics Core, Probe (Chrono Boost)  
  22  2:34  Probe (Chrono Boost)  
  24  2:37  Probe (Chrono Boost)  
  24  2:42  Probe (Chrono Boost)  
  24  2:43  Probe (Chrono Boost)  
  26  2:46  Pylon  
  26  2:51  Probe  
  26  2:53  Probe  
  28  3:03  Probe (Chrono Boost)  
  30  3:06  Probe (Chrono Boost)  
  30  3:11  Stargate  
  30  3:15  Probe (Chrono Boost)  
  30  3:19  Assimilator  
  32  3:20  Adept  
  32  3:22  Probe (Chrono Boost)  
  32  3:24  Probe (Chrono Boost)  
  36  3:34  Probe (Chrono Boost)  
  36  3:39  Probe (Chrono Boost)  
  37  3:44  Stargate  
  37  3:45  Probe (Chrono Boost)  
  37  3:47  Probe (Chrono Boost)  
  39  3:52  Probe  
  40  3:55  Pylon  
  40  3:57  Void Ray (Chrono Boost)  
  40  3:58  Probe  
  41  4:05  Probe  
  46  4:12  Pylon  
  46  4:13  Probe  
  47  4:17  Probe  
  47  4:20  Warp Gate  
  47  4:22  Protoss Ground Weapons Level 1  
  48  4:27  Probe (Chrono Boost)  
  49  4:33  Probe (Chrono Boost)  
  49  4:38  Assimilator  
  51  4:40  Nexus, Void Ray  
  51  4:42  Pylon  
  51  4:43  Probe x2 (Chrono Boost)  
  52  4:50  Probe x2  
  58  4:53  Void Ray (Chrono Boost)  
  58  4:54  Pylon  
  62  5:02  Probe  
  63  5:13  Photon Cannon  
  63  5:15  Photon Cannon  
  63  5:17  Shield Battery  
  63  5:21  Probe x2  
  65  5:32  Void Ray (Chrono Boost)  
  65  5:33  Probe x2  
  71  5:41  Void Ray (Chrono Boost)  
  71  5:42  Twilight Council  
  71  5:43  Pylon  
  71  5:45  Probe (Chrono Boost)  
  71  5:49  Probe (Chrono Boost)  
  79  5:58  Probe x2 (Chrono Boost)  
  79  6:01  Gateway x2  
  79  6:03  Probe (Chrono Boost)  
  80  6:07  Probe (Chrono Boost)  
  80  6:08  Probe (Chrono Boost)  
  80  6:10  Gateway  
  82  6:14  Probe x2  
  82  6:16  Charge (Chrono Boost)  
  82  6:17  Pylon  
  84  6:19  Protoss Air Weapons Level 1, Gateway  
  84  6:28  Probe x3  
  84  6:31  Templar Archives  
  87  6:37  Pylon  
  87  6:38  Pylon  
  87  6:39  Gateway  
  87  6:41  Gateway  
  87  6:46  Assimilator  
  90  6:50  Probe  
  90  6:51  Assimilator  
  90  6:53  Probe  
  89  6:57  Zealot  
  89  6:58  Zealot x2  
  93  7:04  Probe x2  
  93  7:08  Zealot, Protoss Ground Weapons Level 2 (Chrono Boost)  
  96  7:09  Probe  
  97  7:16  Probe x2, Phoenix x2  
  97  7:22  Pylon  
  103  7:29  Zealot x5  
  113  7:37  Pylon  
  113  7:39  High Templar x2  
  117  7:44  Phoenix x2  
  121  7:57  Zealot x5  
  131  8:05  Nexus  
  127  8:07  Pylon  
  127  8:08  Robotics Facility  
  127  8:09  Pylon  
  115  8:12  Zealot  
  115  8:13  Zealot, Oracle (Chrono Boost)  
  115  8:17  Psionic Storm  
  118  8:20  High Templar x2  
  118  8:26  Gateway  
  122  8:29  Probe x2  
  122  8:30  Probe  
  125  8:37  Photon Cannon  
  125  8:40  Photon Cannon  
  125  8:42  Probe x2  
  125  8:45  Pylon  
  125  8:48  Shield Battery  
  127  8:51  Zealot  
  127  8:52  Zealot x3  
  135  9:00  Observer  
  136  9:02  High Templar x2  
  136  9:03  High Templar  
  142  9:23  High Templar  
  142  9:24  High Templar x2  
  146  9:26  Probe  
  146  9:27  Probe x3  
  146  9:28  Assimilator  
  146  9:31  Protoss Ground Weapons Level 3 (Chrono Boost), Assimilator  
  148  9:35  Gateway  
  148  9:37  Gateway  
  148  9:38  Immortal (Chrono Boost)  
  148  9:40  Probe x2, Gateway  
  148  9:44  Robotics Facility  
  142  9:59  Archon  
  122  10:02  High Templar x2  
  122  10:03  Zealot  
  122  10:04  Zealot x3  
  122  10:06  Probe x3  
  125  10:07  Probe  
  125  10:12  Immortal  
  130  10:18  Probe x2, Archon x2  
  132  10:23  Zealot x3  
  132  10:24  Zealot x2  
  136  10:31  Immortal  
  134  10:45  Fleet Beacon  
  134  10:51  Photon Cannon  
  134  10:52  Shield Battery x2  
  134  10:53  Immortal  
  134  10:54  Photon Cannon  
  138  11:01  Observer  
  138  11:03  High Templar x2  
  142  11:04  Zealot x3  
  142  11:05  Zealot x6  
  160  11:11  Forge  
  160  11:13  Dark Shrine  
  160  11:24  Immortal  
  162  11:33  Immortal  
  162  11:36  Zealot x8  
  157  11:46  Archon  
  103  11:55  Zealot  
  103  11:56  Zealot x3, Probe (Chrono Boost)  
  103  11:57  Probe (Chrono Boost)  
  103  11:58  Probe (Chrono Boost)  
  115  12:02  Probe (Chrono Boost)  
  115  12:04  Immortal  
  115  12:08  Probe x2 (Chrono Boost)  
  122  12:09  Pylon  
  122  12:10  High Templar x6  
  133  12:17  Pylon  
  133  12:19  Immortal  
  123  12:37  High Templar x4  
  123  12:42  Shield Battery  
  131  12:44  Immortal  
  131  12:45  Shield Battery  
  131  12:47  Zealot x4  
  131  12:50  Archon x2  
Show
View Real Time Build Order
Export as new Build Order

Meridian Zerg - Winner!

Build Orders: Hatch First 

Get SALT Encoding   

  12  0:00  Drone  
  13  0:07  Drone  
  14  0:33  Hatchery  
  13  0:38  Drone  
  14  0:53  Spawning Pool  
  14  0:57  Drone  
  14  1:05  Overlord  
  14  1:12  Extractor, Drone  
  15  1:25  Drone x2  
  17  1:29  Drone  
  18  1:41  Queen  
  18  1:45  Queen  
  22  1:53  Zergling x4  
  24  2:10  Drone x3  
  27  2:16  Drone  
  28  2:32  Overlord  
  28  2:33  Overlord  
  28  2:53  Hatchery  
  28  2:54  Drone x3  
  28  2:55  Drone  
  30  3:04  Drone x2  
  30  3:05  Drone  
  32  3:14  Drone x4  
  32  3:16  Drone  
  37  3:21  Extractor x2  
  37  3:22  Extractor  
  37  3:24  Drone x2  
  36  3:30  Queen  
  38  3:36  Queen  
  40  3:43  Overlord  
  40  3:48  Drone x4  
  44  4:10  Queen  
  44  4:11  Evolution Chamber  
  44  4:12  Queen  
  44  4:15  Drone x5  
  52  4:20  Lair  
  52  4:29  Overlord x2  
  52  4:31  Zergling x2  
  52  4:33  Zergling x2  
  54  4:38  Drone  
  54  4:39  Drone x2  
  54  4:40  Drone  
  58  4:52  Metabolic Boost, Zerg Melee Weapons Level 1  
  58  4:55  Drone x5  
  63  5:07  Burrow  
  63  5:26  Drone x11  
  63  5:27  Infestation Pit  
  72  5:28  Extractor  
  72  5:30  Extractor x2  
  69  5:36  Spore Crawler  
  69  5:37  Drone x2  
  69  5:38  Drone x3  
  69  5:39  Drone  
  74  5:44  Overlord  
  74  5:50  Overlord x3  
  74  6:07  Neural Parasite  
  74  6:08  Infestor x2  
  74  6:09  Infestor  
  80  6:17  Queen  
  80  6:18  Queen, Zergling x12  
  83  6:19  Zergling x4  
  83  6:20  Infestor  
  83  6:24  Infestor  
  96  6:41  Infestor x2  
  99  6:57  Hive  
  99  7:04  Drone x4  
  99  7:11  Drone x4  
  99  7:14  Zerg Melee Weapons Level 2  
  100  7:18  Zergling x12  
  100  7:19  Overlord x2  
  106  7:24  Spore Crawler  
  106  7:26  Queen, Hatchery  
  106  7:27  Overlord x2  
  106  7:30  Overseer  
  106  7:40  Zergling x2  
  106  7:41  Zergling x6  
  110  7:50  Extractor  
  109  7:53  Extractor  
  108  8:17  Ultralisk Cavern  
  107  8:23  Overlord x3  
  107  8:27  Spawning Pool  
  107  8:31  Drone x3  
  107  8:32  Drone x2  
  107  8:33  Drone  
  112  8:34  Drone x5  
  112  8:41  Hatchery  
  112  8:49  Hatchery  
  112  8:51  Infestor x7  
  111  8:58  Drone x5  
  111  8:59  Drone  
  117  9:09  Ultralisk x3  
  159  9:10  Spire, Ultralisk x4  
  155  9:19  Chitinous Plating  
  155  9:20  Hatchery  
  155  9:21  Zergling x14  
  155  9:22  Zergling x2  
  155  9:39  Ultralisk  
  155  9:43  Zerg Melee Weapons Level 3  
  138  10:01  Ultralisk x2, Zergling x2  
  138  10:02  Zergling x16  
  158  10:08  Drone  
  159  10:15  Overlord x3  
  159  10:19  Zergling x2  
  159  10:20  Zergling x10  
  165  10:22  Extractor  
  165  10:23  Extractor, Spore Crawler  
  165  10:27  Spine Crawler  
  155  10:29  Spine Crawler  
  154  10:38  Anabolic Synthesis  
  154  10:39  Ultralisk  
  154  10:40  Ultralisk  
  166  10:46  Adrenal Glands  
  166  10:50  Drone  
  166  10:51  Drone x3  
  166  10:52  Drone x2  
  166  10:53  Drone x2  
  166  10:54  Drone  
  175  11:06  Zergling x2  
  182  11:18  Ultralisk x3  
  172  11:44  Ultralisk, Zergling x22  
  172  11:45  Ultralisk  
  160  11:56  Zergling x2  
  160  11:57  Zergling x20  
  164  12:06  Zergling x2  
  164  12:07  Zergling x8  
  157  12:18  Ultralisk x2  
  173  12:37  Ultralisk x3  
  173  12:38  Drone x2  
Tags
 
Add a new tag
Caveats
  • Supply blocks, unpowered buildings, or Contaminate may cause inaccurate times.
  • Supply counts are checked every 10 seconds.